 Dungeon Crawl Stone Soup version 0.20.1-1-g8b1a95d (webtiles) character file.

53 dohliylev the Sneak (level 3, 0/24 HPs)
             Began as a Vampire Enchanter on Aug 9, 2017.
             Succumbed to an adder's poison
             ... on level 2 of the Dungeon.
             The game lasted 00:04:10 (1417 turns).

dohliylev the Sneak (Vampire Enchanter)             Turns: 1417, Time: 00:04:11

Health: 0/24       AC:  2    Str:  7    XL:     3   Next: 64%
Magic:  1/6        EV: 13    Int: 18    God:
Gold:   64         SH:  0    Dex: 14    Spells: 3/6 levels left

rFire    . . .     SeeInvis +   a - +1 dagger
rCold    . . .     Gourm    .   (no shield)
rNeg     . . .     Faith    .   b - +0 robe
rPois    .         Spirit   .   (no helmet)
rElec    .         Reflect  .   (no cloak)
rCorr    .         Harm     .   (no gloves)
MR       .....                  (no boots)
Stlth    +++.......             (no amulet)
Regen    0.3/turn               (no ring)
MPRegen  0.1/turn               (no ring)

@: lethally poisoned (0 -> -4), regenerating quickly
A: fangs 3, see invisible, unbreathing
a: no special abilities


You were on level 2 of the Dungeon.
You were full.

You visited 1 branch of the dungeon, and saw 2 of its levels.

You collected 64 gold pieces.

Inventory:

Hand Weapons
 a - a +1 dagger (weapon)
Armour
 b - a +0 robe (worn)
Jewellery
 m - a +4 ring of strength {unknown}
Scrolls
 f - a scroll of teleportation {unknown}
 o - a scroll of fog {unknown}
Potions
 d - a potion of blood
 e - a potion of heal wounds {unknown}
 g - a potion of curing {unknown}
 h - a potion of invisibility {unknown}
 i - a potion of agility {unknown}
 j - a potion of cancellation {unknown}
 k - a potion of ambrosia {unknown}
 l - a potion of mutation {unknown}
 n - a potion of magic {unknown}
Books
 c - a book of Maledictions

   Spells                             Type                      Level
   a - Corona                         Hexes                        1
   b - Ensorcelled Hibernation        Hexes/Ice                    2
   c - Confuse                        Hexes                        3
   d - Tukima's Dance                 Hexes                        3
   e - Dazzling Spray                 Conjuration/Hexes            3


   Skills:
 + Level 1.8 Short Blades
 + Level 2.4 Dodging
 + Level 5.3 Stealth
 + Level 2.3 Spellcasting
 + Level 5.1 Hexes
 + Level 0.2 Ice Magic


You had 3 spell levels left.
You knew the following spells:

 Your Spells              Type           Power        Failure   Level  Hunger
a - Corona                Hex            ###....      1%          1    #......
b - Ensorcelled Hibernat  Hex/Ice        ##....       9%          2    ##.....


Dungeon Overview and Level Annotations

Branches:
Dungeon (2/15)

Altars:


Innate Abilities, Weirdness & Mutations

Your natural rate of healing is unusually fast.
You have razor-sharp teeth.
You have supernaturally acute eyesight. (SInv)
You can survive without breathing.


Message History

You feel sick. The adder bites you.
You hit the adder.
The adder is almost dead.
The adder bites you.
You are more poisoned.
The adder poisons you!
You hit the adder but do no damage.
The adder is almost dead.
You feel sick. The adder bites you.
* * * LOW HITPOINT WARNING * * *
You miss the adder. You bite the adder, but do no damage.
The adder is almost dead.
* * * LOW HITPOINT WARNING * * *
You feel sick. The adder barely misses you. The adder bites you.
* * * LOW HITPOINT WARNING * * *
You hit the adder.
You kill the adder!
* * * LOW HITPOINT WARNING * * *
You feel sick.
You die...

#............#...# #.#
#...##.<#....#... #.#
#............#.#####.#
#....................#
#.........#.##.......#
#...........(........#
#.......w##..........#
#........####.#.####.#
#........####@#...##.#
#.........†w......##.#
#.........###........#
#######.........)....#
###.###.†......#
#....).......#
#####........#
#.###+#### #.#


You could see a worm.

Vanquished Creatures
  An adder (D:2)
  2 oozes (D:1)
  A leopard gecko (D:1)
  2 ball pythons (D:1)
  2 bats
  2 giant cockroaches (D:1)
  3 goblins (D:1)
  4 hobgoblins
  7 jackals
  4 kobolds
  A frilled lizard (D:1)
  A rat (D:1)
30 creatures vanquished.

Notes
Turn   | Place    | Note
-------+----------+-------------------------------------------
     0 | D:1      | dohliylev the Vampire Enchanter began the quest for the Orb.
     0 | D:1      | Reached XP level 1. HP: 13/13 MP: 3/3
   364 | D:1      | Reached XP level 2. HP: 16/19 MP: 3/5
   368 | D:1      | Learned a level 2 spell: Ensorcelled Hibernation
   874 | D:1      | Reached skill level 5 in Stealth
   874 | D:1      | Reached XP level 3. HP: 9/24 MP: 0/6
  1218 | D:1      | Reached skill level 5 in Hexes
  1415 | D:2      | HP: 1/24 [adder (3)]
  1417 | D:2      | Succumbed to an adder's poison

Skill      XL: |  1  2  3 |
---------------+----------+-----
Stealth        | 5 |  5.3
Hexes          | 5 |  5.1
Short Blades   | |  1.8
Dodging        | |  2.4
Spellcasting   | |  2.3
Ice Magic      | |  0.2

Action                   || total
-------------------------++-------
Melee: Dagger            ||   106
       Bite              ||    13
 Cast: Corona            ||     8
       Ensorcelled Hiber ||    23
 Stab: Sleeping          ||    12
  Eat: Corpse            ||     8
Armor: Robe              ||    16
Dodge: Dodged            ||    76
